 Dungeon Crawl Stone Soup version 0.28-a0-1117-g0bdd5ba030 (webtiles) character file.

Game seed: 119288051559016842

934 bearlyready the Basher (level 8, 68/78 HPs)
             Began as an Ogre Berserker on Dec 10, 2021.
             Was an Initiate of Ru.
             Quit the game on level 6 of the Dungeon on Dec 11, 2021.
             The game lasted 00:06:02 (6914 turns).

bearlyready the Basher (Ogre Berserker)             Turns: 6914, Time: 00:06:03

Health: 68/78      AC:  3    Str: 24    XL:     8   Next: 11%
Magic:  8/8        EV: 10    Int:  8    God:    Ru [......]
Gold:   203        SH:  5    Dex:  8    Spells: 7/7 levels left

rFire   . . .      SeeInvis .   g - +0 flail
rCold   . . .      Faith    .   (no shield)
rNeg    . . .      Spirit   .   b - +0 animal skin
rPois   .          Reflect  +   (helmet restricted)
rElec   .          Harm     .   (no cloak)
rCorr   .          Rampage  .   (gloves unavailable)
Will    .....                   (boots unavailable)
Stlth   +.........              f - amulet of reflection
HPRegen 0.23/turn               (no ring)
MPRegen 0.11/turn               (no ring)

@: no status effects
A: large, unfitting armour, tough skin 1
a: Renounce Religion


You were on level 6 of the Dungeon.
You worshipped Ru.
Ru was noncommittal.
You visited 1 branch of the dungeon, and saw 6 of its levels.

You collected 203 gold pieces.

Inventory:

Hand Weapons
 a - a +0 mace
 g - a +0 flail (weapon)
 p - a +0 giant spiked club
Missiles
 n - 46 poisoned darts (quivered)
Armour
 b - a +0 animal skin (worn)
Jewellery
 f - an amulet of reflection (around neck)
 k - an amulet of guardian spirit
 m - a ring of positive energy
 o - a ring of flight
Wands
 j - a wand of acid (4)
Scrolls
 c - 2 scrolls of enchant weapon
 d - a scroll of torment {unknown}
 h - 3 scrolls of teleportation
 r - a scroll of immolation
Potions
 e - a potion of curing {unknown}
 i - a potion of heal wounds {unknown}
 l - a potion of might {unknown}
 q - 3 potions of resistance


   Skills:
 - Level 4.0 Fighting
 + Level 8.8 Maces & Flails
 - Level 2.6 Dodging


You had 7 spell levels left.
You didn't know any spells.
Your spell library was empty.

Dungeon Overview and Level Annotations

Branches:
Dungeon (6/15)
 Temple: D:4-7

Altars:
Elyvilon
Makhleb
Ru
Vehumet
Wu Jian
Xom

Shops:
D:3 (

Annotations:
D:5 1 runed translucent door, ytrimaz's ghost, novice OpTm
D:6 1 runed translucent door, Crazy Yiuf


Innate Abilities, Weirdness & Mutations

You are too large for most types of armour.
You have tough skin. (AC +1)


Message History

d - a scroll labelled ZYEKEO XIAPOU You open the door.
A white imp comes into view.
The white imp shouts, "Out, out, thou gorbellied moon-mazed tiddler!"
There is an open door here.
The white imp gestures at you. The puff of frost misses you.
You closely miss the white imp. The white imp gestures at you.
The puff of frost hits you!
You hit the white imp.
The white imp is heavily wounded.
The white imp completely misses you.
You hit the white imp.
The white imp is heavily wounded.
The white imp hits you. The white imp freezes you.
You hit the white imp but do no damage.
The white imp is heavily wounded.
The white imp hits you but does no damage.
You thump the white imp!
You kill the white imp!
Trog accepts your kill.
There is an open door here.
There is an open door here.
There is a sacrificial altar of Ru here.
You kneel at the altar of Ru.
You have lost your religion!
Trog does not appreciate desertion!
Ru welcomes you!
Unknown command.
Press < or > to pray at altars.
Unknown command.
Press < or > to pray at altars.
Unknown command.
Press < or > to pray at altars.
Level annotation: 1 runed translucent door, Crazy Yiuf Welcome back, bearlyready the Ogre Berserker.
Ru says: Cut away your false body!
Press ? for a list of commands and other information.
Are you sure you want to abandon this character and quit the game? (Confirm with "yes".)

##..>##.....##.............#
#....##.....##.............#
##...##..............).##..#
#...##................##†.#
#...#.................'...#
#...#......##...##....##..#
....#......##...##....##..#
....#.......#'#.......##..#
....##.....##@#.......##..#
#.....####...........#
....................#
....................#
#########....(......
#8.##.##.####
#+#+#+#+######.##.###
.........'..........#
#+#+#+#+###.........+


There were no monsters in sight!

Vanquished Creatures
  A sky beast (D:5)
  A black bear (D:5)
  An ogre (D:5)
  A bullfrog (D:4)
  2 scorpions (D:5)
  2 water moccasin zombies
  A water moccasin skeleton (D:5)
  A centaur zombie (D:6)
  A hound (D:6)
  A centaur skeleton (D:3)
  A jelly (D:4)
  An iguana (D:4)
  Robin (D:4)
  6 adders
  A howler monkey skeleton (D:6)
  2 white imps (D:6)
  An adder skeleton (D:4)
  2 worms
  5 dart slugs
  6 orcs
  9 endoplasms
  4 giant cockroaches
  12 goblins
  6 hobgoblins
  5 kobolds
  A quokka (D:3)
  4 ball pythons (D:1)
  4 bats
  3 frilled lizards
  2 rats
88 creatures vanquished.

Notes
Turn   | Place    | Note
-------+----------+-------------------------------------------
     0 | D:1      | bearlyready the Ogre Berserker began the quest for the Orb.
     0 | D:1      | Reached XP level 1. HP: 24/24 MP: 1/1
   154 | D:1      | Reached skill level 3 in Maces & Flails
   170 | D:1      | Reached XP level 2. HP: 26/32 MP: 2/2
   666 | D:1      | Reached XP level 3. HP: 37/39 MP: 3/3
   672 | D:1      | Reached ** piety under Trog
  1411 | D:1      | Reached skill level 4 in Maces & Flails
  2062 | D:3      | Reached XP level 4. HP: 39/48 MP: 4/4
  2304 | D:3      | Found Xemuh's Antique Weapon Shoppe.
  3054 | D:3      | Reached skill level 5 in Maces & Flails
  3062 | D:3      | Reached XP level 5. HP: 16/54 MP: 5/5
  3315 | D:3      | Found a burning altar of Makhleb.
  3319 | D:3      | Found a shimmering altar of Xom.
  3324 | D:3      | Found a white marble altar of Elyvilon.
  3426 | D:4      | Noticed Robin
  4018 | D:5      | Entered Level 5 of the Dungeon
  4191 | D:4      | Killed Robin
  4219 | D:4      | Reached skill level 6 in Maces & Flails
  4219 | D:4      | Reached XP level 6. HP: 4/62 MP: 6/6
  4942 | D:5      | Found a radiant altar of Vehumet.
  5146 | D:5      | Noticed a black bear
  5175 | D:5      | Killed a black bear
  5176 | D:5      | Reached skill level 7 in Maces & Flails
  5176 | D:5      | Reached XP level 7. HP: 55/70 MP: 7/7
  5597 | D:5      | Reached skill level 8 in Maces & Flails
  5921 | D:5      | Found an ornate altar of the Wu Jian Council.
  6292 | D:5      | Found a runed translucent door.
  6372 | D:5      | Noticed ytrimaz's ghost (novice OpTm)
  6407 | D:6      | Reached XP level 8. HP: 66/78 MP: 8/8
  6493 | D:6      | Found a runed translucent door.
  6494 | D:6      | Noticed Crazy Yiuf
  6865 | D:6      | Found a sacrificial altar of Ru.
  6894 | D:6      | Reached *** piety under Trog
  6913 | D:6      | Fell from the grace of Trog
  6913 | D:6      | Became a worshipper of Ru the Awakened
  6914 | D:6      | Upgraded the game from 0.28-a0-1087-gf3fc490d9d to
                  | 0.28-a0-1117-g0bdd5ba030
  6914 | D:6      | Quit the game

Illustrated notes

Levels and vault maps discovered:
D:1:      mrwooster_arrival_arrow, layout_basic, st_stairs_5,
          amcnicky_mini_rare_corridor_liquid
D:2:      layout_rooms
D:3:      layout_basic, minmay_overflow_temple_star_quad, serial_shops,
          shop_statue, minmay_misc_feat_ornament
D:4:      layout_loops_ring, corner_web_ring, uniq_robin
D:5:      layout_rooms, nicolae_wu_jian_immortal_techniques,
          mainiacjoe_overflow_catwalk, ebering_ghost_reflecting_pool,
          interstate_on_off
D:6:      layout_gridville, lemuel_mausoleum_altar_yredelemnul,
          nicolae_qazlal_eye_of_the_storm, kennysheep_mini,
          minmay_temple_entry_from_below_a, uniq_crazy_yiuf_cottage

Skill      XL: |  1  2  3  4  5  6  7 |
---------------+----------------------+-----
Maces & Flails | 3 4 5 6 7 8 |  8.8
Fighting       | |  4.0
Dodging        | |  2.6

Action                   |  1- 3 |  4- 6 |  7- 9 || total
-------------------------+-------+-------+-------++-------
Melee: Mace              |   115 |     6 |       ||   121
       Flail             |       |   144 |    95 ||   239
Evoke: Wand              |       |     1 |     4 ||     5
  Use: Scroll            |       |       |     4 ||     4
 Stab: Sleeping          |       |     2 |       ||     2
Armor: Animal skin       |    35 |    33 |    21 ||    89
Dodge: Dodged            |    68 |    71 |    36 ||   175
Block: Other             |     4 |    34 |    16 ||    54

Table legend: (Time is in decaauts)
 A = Elapsed time spent in this place.
 B = Non-inter-level travel time spent in this place.
 C = Inter-level travel time spent in this place.
 D = Time resting spent in this place.
 E = Time spent auto-exploring this place.
 F = Levels seen in this place.
 G = Mean time per level.
                   A        B        C        D        E       F      G
               +--------+--------+--------+--------+--------+-----+--------+
         Total |   6962 |   6700 |    262 |   1074 |   4716 |   6 | 1160.3 |
       Dungeon |   6962 |   6700 |    262 |   1074 |   4716 |   6 | 1160.3 |
               +--------+--------+--------+--------+--------+-----+--------+

Top non-repeatable levels by time:
     D:3: 1794 daAuts
     D:1: 1502 daAuts
     D:4: 1424 daAuts
     D:5: 1308 daAuts
     D:6: 534 daAuts
     D:2: 398 daAuts
